 Dungeon Crawl Stone Soup version 0.31-a0-1111-ga3525b893c (webtiles) character file.

Game seed: 12470190313417670378

24565 kae the Covert (level 12, -9/92 HPs)
             Began as a Demonspawn Enchanter on Dec 3, 2023.
             Was a Priest of Dithmenos.
             Killed by divine providence
             ... invoked by a meliai
              (15 damage)
             ... on level 13 of the Dungeon.
             The game lasted 00:26:49 (13596 turns).

kae the Covert (Demonspawn Enchanter)              Turns: 13596, Time: 00:26:50

Health: -9/92      AC:  9    Str:  9    XL:     12   Next: 81%
Magic:  16/21      EV: 14    Int: 23    God:    Dithmenos [***...]
Gold:   719        SH:  0    Dex: 18    Spells: 10/23 levels left

rFire   . . .        b - +7 rapier of the Insatiable Knaves {flame, rPois Int+7 Stlth-}
rCold   . . .        (no shield)
rNeg    . . .        H - +0 acid dragon scales
rPois   +            x - +0 helmet "Eklieh" {+Inv}
rElec   .            (no cloak)
rCorr   +            p - +0 pair of gloves
SInv    .            n - +0 pair of boots
Will    ++...        g - amulet of regeneration
Stlth   ++++++       F - ring of willpower
HPRegen 1.15/turn    (no ring)
MPRegen 0.17/turn

%: no passive effects
@: lethally poisoned (-9 -> -12), corroded, wreathed by umbra
A: rugged brown scales 2, foul stench 2, demonic magic 2, demonic willpower,
weakness stinger 1
a: Renounce Religion, Evoke Invisibility, Shadow Step


You were on level 13 of the Dungeon.
You worshipped Dithmenos.
Dithmenos was most pleased with you.
You visited 2 branches of the dungeon, and saw 14 of its levels.
You also visited: Sewer.

You collected 743 gold pieces.
You spent 24 gold pieces at shops.


Innate Abilities, Weirdness & Mutations

You are mostly covered in rugged brown scales. (AC +2, +5% HP)
You sometimes emit foul miasma when damaged in melee.
Spells you cast may paralyse nearby enemies.
You punish those that try to bend your will. (Will+)
You have a small tail.


   Skills:
 - Level 6.1 Fighting
 * Level 11.2 Short Blades
 + Level 5.4 Armour
 + Level 5.7 Dodging
 * Level 12.4 Stealth
 - Level 6.0 Spellcasting
 - Level 7.0 Hexes


You had 10 spell levels left.
You knew the following spells:

 Your Spells              Type           Power      Damage    Failure   Level
a - Ensorcelled Hibernat  Hex/Ice        46%        N/A       4%          2
b - Confusing Touch       Hex            39%        N/A       2%          3
c - Tukima's Dance        Hex            39%        N/A       2%          3
d - Jinxbite              Hex            78%        N/A       1%          2
e - Dazzling Flash        Conj/Hex       46%        N/A       10%         3

Your spell library contained the following spells:

 Spells                   Type           Power      Damage    Failure   Level
 Inner Flame              Hex/Fire       23%        N/A       10%         3
 Apportation              Tloc           12%        N/A       13%         1
 Kiss of Death            Conj/Necr      24%        2d7       13%         1
 Necrotise                Necr           24%        1d5       13%         1
 Shock                    Conj/Air       24%        1d4       13%         1
 Summon Small Mammal      Summ           24%        N/A       13%         1
 Static Discharge         Conj/Air       12%        3-4/arc   21%         2
 Sublimation of Blood     Necr           6%         N/A       21%         2
 Swiftness                Air            6%         N/A       36%         3
 Yara's Violent Unravell  Hex/Tmut       11%        3d6       65%         5
 Airstrike                Air            3%         2d(1-17)  78%         4
 Dispel Undead            Necr           6%         3d8       78%         4
 Petrify                  Tmut/Erth      6%         N/A       78%         4
 Summon Lightning Spire   Summ/Air       6%         N/A       78%         4
 Alistair's Intoxication  Tmut/Pois      4%         N/A       98%         5
 Irradiate                Conj/Tmut      3%         3d12      98%         5
 Enfeeble                 Hex            19%        N/A       99%         7

Inventory:

Hand Weapons
 a - a +4 dagger of freezing
 b - the +7 rapier of the Insatiable Knaves (weapon) {flame, rPois Int+7 Stlth-}
   (You found it on level 10 of the Dungeon)

   Int+7:     It affects your intelligence (+7).
   rPois:     It protects you from poison Stlth-: It makes you less stealthy.
Missiles
 k - 106 stones
 w - 12 poisoned darts
 z - 10 boomerangs
 G - a throwing net {=f!f}
 K - 4 atropa-tipped darts
Armour
 n - a +0 pair of boots (worn)
   (You found it in a sewer)
 p - a +0 pair of gloves (worn)
   (You found it on level 4 of the Dungeon)
 x - the +0 helmet "Eklieh" (worn) {+Inv}
   (You found it on level 7 of the Dungeon)

   +Inv:      It lets you turn invisible.
 H - +0 acid dragon scales (worn)
   (You found it on level 10 of the Dungeon)
Magical Staves
 v - a staff of fire {!a}
   (You found it on level 6 of the Dungeon)
 J - a staff of poison {!a}
   (You found it on level 10 of the Dungeon)
Jewellery
 g - an amulet of regeneration (around neck)
   (You found it on level 10 of the Dungeon)
 C - a ring of ice
   (You found it on level 10 of the Dungeon)
 F - a ring of willpower (left hand)
   (You found it on level 12 of the Dungeon)
 N - an amulet of reflection
   (You found it on level 8 of the Dungeon)
Wands
 j - a wand of paralysis (21)
   (You found it on level 3 of the Dungeon)
 o - a wand of quicksilver (6)
   (You found it on level 12 of the Dungeon)
 q - a wand of polymorph (7)
   (You took it off Sigmund on level 5 of the Dungeon)
 r - a wand of flame (24)
   (You found it on level 9 of the Dungeon)
 u - a wand of roots (11)
   (You found it on level 6 of the Dungeon)
 O - a wand of digging (7)
   (You found it on level 10 of the Dungeon)
Scrolls
 e - a scroll of identify {@r1}
 m - 3 scrolls of fear
 s - a scroll of teleportation {@r4}
 t - a scroll of fog
 y - 2 scrolls of brand weapon
 L - a scroll of poison
 Q - a scroll of summoning
Potions
 c - 3 potions of invisibility
 d - a potion of resistance
 f - 5 potions of might
 h - 2 potions of heal wounds {@q2}
 i - 2 potions of mutation {!q}
 l - 3 potions of lignification {!q}
 A - 2 potions of curing {@q1}
 B - a potion of degeneration {!q}
 D - a potion of brilliance
 E - a potion of attraction {unknown}
 I - a potion of berserk rage {!q}
 M - 3 potions of enlightenment
 P - a potion of haste {@q3}
 R - a potion of cancellation {unknown}

Dungeon Overview and Level Annotations

Branches:
Dungeon (13/15) Zot: 26216  Temple (1/1) D:6 Zot: 5958    Lair (0/5) D:8
    Orc (0/2) D:10          Sewer (visited)
 Vaults: D:13-14

Altars:
Ashenzari
Cheibriados
Dithmenos
Fedhas
Gozag
Hepliaklqana
Kikubaaqudgha
Makhleb
Nemelex Xobeh
Okawaru
Qazlal
Ru
Sif Muna
Uskayaw
Vehumet
Wu Jian
Xom
Yredelemnul

Shops:
D:1 [   D:12 (?

Annotations:
D:5 exclusion: moth of wrath
D:13 Snorg

###.......# #####.........##
###.#............# .
####................##
..###..§.T.....<.........###
.........y.................###
.###...yyy○....####..........##
#.....†.☼....## #.y.....†....
#...†...[...@.# ##T.......<..
#..............# #...........
#.....(..........# #...........
.................# ##..........
#....=...........# #..........
##........!..>.... ##.........
##...............# #.........
##..............# #.........
#........


You could see Snorg (berserk), a vampire mosquito and 3 meliai.


Message History

You kill the five-headed hydra!
Dithmenos accepts your kill.
The vampire mosquito bites you but does no damage.
The helpless vampire mosquito fails to defend itself.
You spit the vampire mosquito like a pig!!!!
You burn the vampire mosquito!
You destroy the vampire mosquito!
Dithmenos accepts your kill.
Something tries to affect you, but you resist.
Your will lashes out at something!
The vampire mosquito bites you but does no damage. 😕 HP[+1] MP[+1]
The helpless vampire mosquito fails to defend itself.
You spit the vampire mosquito like a pig!!!!
You burn the vampire mosquito.
You destroy the vampire mosquito!
Dithmenos accepts your kill.
The meliai buzzes angrily.
You hear a shout!
The vampire mosquito bites you but does no damage. 😕 HP[+1]
You miss the vampire mosquito.
The meliai buzzes angrily.
Your tail-slap misses the vampire mosquito.
The vampire mosquito barely misses you.
The vampire mosquito misses you. 😕 HP[+1]
The vampire mosquito attacks as it pursues you!
The vampire mosquito bites you!
The vampire mosquito draws strength from your injuries!
The vampire mosquito bites you but does no damage.
Your magical contamination has completely faded away.
You see here an ugly thing corpse. 😕 HP[-7]
You take 7 damage, and now have 75/92 hp.
The meliai hits you but does no damage.
You are electrocuted!!
The meliai stings you.
You emit a cloud of foul miasma!
The meliai is engulfed in dark miasma.
The meliai is poisoned.
The meliai hits you with a +0 hand axe.
You emit a cloud of foul miasma!
The meliai closely misses you.
The vampire mosquito misses you. 😮 HP[-27]
You take 27 damage, and now have 48/92 hp.
MASSIVE DAMAGE!! (PAUSE)
As you read the scroll of teleportation {@r4}, it crumbles to dust.
You feel strangely unstable.
The meliai buzzes angrily.
The meliai misses you. The meliai stings you.
* * * LOW HITPOINT WARNING * * *
You are poisoned.
The meliai poisons you!
The meliai is engulfed in dark miasma.
The meliai is poisoned.
The meliai seems to slow down.
The vampire mosquito barely misses you. The meliai completely misses you.
The meliai closely misses you. The meliai hits you with a +0 hand axe!
* * * LOW HITPOINT WARNING * * *
The meliai completely misses you. 😨 HP[-9]
You take 9 damage, and now have 39/92 hp.
Unknown command.
Unknown command.
You feel very sick.
The meliai is no longer moving slowly.
The meliai calls down the wrath of its god upon you.
Something smites you!
* * * LOW HITPOINT WARNING * * *
The meliai hits you with a +0 hand axe.
* * * LOW HITPOINT WARNING * * *
You emit a cloud of foul miasma!
The meliai closely misses you. The vampire mosquito misses you.
The meliai hits you with a +0 war axe!
* * * LOW HITPOINT WARNING * * *
The meliai stings you but does no damage.
The meliai is engulfed in dark miasma.
The meliai looks even sicker.
The meliai seems to slow down.
The meliai hits you with a +0 hand axe.
* * * LOW HITPOINT WARNING * * *
The meliai stings you but does no damage. 😱 HP[-33]
You take 33 damage, and now have 6/92 hp.
MASSIVE DAMAGE!! (PAUSE) Unknown command.
Unknown command.
You feel much better.
You feel very sick.
The meliai is no longer moving slowly.
The meliai misses you. The meliai stings you.
* * * LOW HITPOINT WARNING * * *
The vampire mosquito barely misses you. The meliai hits you but does no damage.
The meliai stings you but does no damage.
The meliai misses you. The meliai stings you.
* * * LOW HITPOINT WARNING * * *
The vampire mosquito barely misses you.
The meliai is engulfed in dark miasma.
The meliai looks even sicker.
The meliai hits you with a +0 hand axe.
* * * LOW HITPOINT WARNING * * *
The meliai closely misses you. 😱 MP[+1] Unknown command.
Unknown command.
Unknown command.
Your surroundings seem slightly different.
You feel sick.
The meliai invokes the aid of its god against you.
Something smites you!
You die...

Skill      XL: |  1  2  3  4  5  6  7  8  9 10 11 12 |
---------------+-------------------------------------+-----
Short Blades   | 1 2 3 4 5 7 8 10 11 | 11.2
Stealth        | 3 4 5 6 8 9 11 12 | 12.4
Fighting       | 1 2 3 4 5 6 |  6.1
Spellcasting   | 3 4 5 6 |  6.0
Hexes          | 4 5 6 7 |  7.0
Armour         | 1 4 5 |  5.4
Dodging        | 2 4 5 |  5.7

Action                     |  1- 3 |  4- 6 |  7- 9 | 10-12 || total
---------------------------+-------+-------+-------+-------++-------
  Melee: Dagger            |   133 |   225 |   222 |    90 ||   670
         Punch             |     1 |     2 |     4 |     7 ||    14
         Rapier            |       |       |       |   203 ||   203
         Tailslap          |       |       |       |    34 ||    34
   Cast: Jinxbite          |     3 |       |     1 |     1 ||     5
         Ensorcelled Hiber |     4 |     6 |    35 |    58 ||   103
         Confusing Touch   |       |       |     7 |    15 ||    22
         Dazzling Flash    |       |       |       |     1 ||     1
    Use: Scroll            |     4 |     7 |     5 |    13 ||    29
         Potion            |       |       |     1 |     3 ||     4
   Stab: Sleeping          |    10 |    13 |    29 |    40 ||    92
         Paralysed         |       |     2 |    13 |    37 ||    52
         Invisible         |       |       |     4 |       ||     4
         Confused          |       |       |     5 |     4 ||     9
         Distracted        |       |       |       |     1 ||     1
 Armour: Robe              |    65 |   116 |   146 |    39 ||   366
         Acid dragon scale |       |       |       |   261 ||   261
  Dodge: Dodged            |    79 |   150 |   117 |   210 ||   556
  Block: Other             |       |       |       |    24 ||    24

Levels and vault maps discovered:
D:1:      dpeg_arrival_ternary, layout_basic, serial_shops, shop,
          nrook_mini_backslash
D:2:      layout_rooms
D:3:      layout_rooms, uniq_jessica, uniq_terence
D:4:      layout_loops_ring, cheibrodos_sewer_entry_sluice, uniq_robin
D:5:      layout_gridville, tgw_trog, minivault_1, uniq_sigmund, uniq_edmund
D:6:      layout_cave_pods, mainiacjoe_overflow_divided_tiny,
          minmay_temple_entry_grid
D:7:      layout_cave_pods
D:8:      layout_basic, lair_entry_dummy
D:9:      layout_gridville, uniq_erolcha
D:10:     layout_cave_pools, orc_0_dummy, hangedman_weighted_door,
          minmay_lindwurm_lava
D:11:     layout_grid_maze, minmay_misc_feat_alley
D:12:     layout_rooms, serial_shops, nicolae_shop_pleasant_corner_grove,
          nicolae_shop_crystal, uniq_nessos, uniq_josephine
D:13:     layout_cave_pods, uniq_snorg
Temple:   compressed_dpeg_triangle_lava_temple

Notes
Turn   | Place    | Note
-------+----------+-------------------------------------------
     0 | D:1      | kae the Demonspawn Enchanter began the quest for the Orb.
     0 | D:1      | Reached XP level 1. HP: 13/13 MP: 3/3
     0 | D:1      | magus.rc [v1.11.3]
    53 | D:1      | Reached skill level 1 in Short Blades
   221 | D:1      | Found Xuxot's Antique Armour Shop.
   241 | D:1      | You pick up a book of Party Tricks and begin reading...
   241 | D:1      | You add the spells Apportation, Jinxbite and Alistair's
                  | Intoxication to your library.
   274 | D:1      | Gained mutation: You may rarely emit foul miasma when
                  | damaged in melee. [demonic ancestry]
   274 | D:1      | Reached XP level 2. HP: 10/20 MP: 5/5
   357 | D:1      | Learned a level 2 spell: Jinxbite
   360 | D:1      | Learned a level 2 spell: Ensorcelled Hibernation
   455 | D:1      | Reached skill level 3 in Stealth
   710 | D:1      | You pick up a book of Cantrips and begin reading...
   710 | D:1      | You add the spells Necrotise and Summon Small Mammal to
                  | your library.
  1219 | D:2      | Gained mutation: You are partially covered in rugged brown
                  | scales. (AC +1, +3% HP) [demonic ancestry]
  1219 | D:2      | Reached XP level 3. HP: 7/25 MP: 3/6
  1229 | D:2      | Reached skill level 1 in Fighting
  1316 | D:2      | You pick up a book of Touch and begin reading...
  1316 | D:2      | You add the spells Kiss of Death and Dispel Undead to your
                  | library.
  1824 | D:3      | Noticed Jessica
  1844 | D:2      | HP: 6/26 [Jessica/nerve-wracking pain (13)]
  1846 | D:2      | Killed Jessica
  1847 | D:2      | Reached skill level 2 in Short Blades
  1847 | D:2      | Gained mutation: You sometimes emit foul miasma when
                  | damaged in melee. [demonic ancestry]
  1847 | D:2      | Reached XP level 4. HP: 8/32 MP: 0/7
  1978 | D:3      | Noticed Terence
  2000 | D:3      | Killed Terence
  2457 | D:4      | You pick up a book of Storms and begin reading...
  2457 | D:4      | You add the spells Static Discharge, Airstrike and Summon
                  | Lightning Spire to your library.
  2465 | D:4      | Noticed Robin
  2499 | D:4      | Gained mutation: Spells you cast may paralyse adjacent
                  | enemies. [demonic ancestry]
  2499 | D:4      | Reached XP level 5. HP: 27/38 MP: 8/8
  2575 | D:4      | Found a glowing drain.
  2590 | Sewer    | Entered a sewer
  2826 | Sewer    | Reached skill level 4 in Stealth
  2833 | Sewer    | Reached skill level 2 in Fighting
  2834 | Sewer    | Reached skill level 3 in Short Blades
  2970 | Sewer    | Reached XP level 6. HP: 33/45 MP: 7/10
  2982 | Sewer    | Reached skill level 3 in Spellcasting
  3073 | Sewer    | You pick up a book of Misfortune and begin reading...
  3073 | Sewer    | You add the spells Inner Flame, Yara's Violent Unravelling
                  | and Enfeeble to your library.
  3383 | D:4      | Learned a level 3 spell: Confusing Touch
  3387 | D:4      | Learned a level 3 spell: Tukima's Dance
  3624 | D:4      | Killed Robin
  3766 | D:4      | Reached skill level 4 in Hexes
  3766 | D:4      | Gained mutation: You are mostly covered in rugged brown
                  | scales. (AC +2, +5% HP) [demonic ancestry]
  3766 | D:4      | Reached XP level 7. HP: 29/53 MP: 11/11
  4414 | D:5      | Entered Level 5 of the Dungeon
  4415 | D:5      | Noticed Sigmund
  4420 | D:5      | Killed Sigmund
  4421 | D:5      | Reached skill level 4 in Short Blades
  4421 | D:5      | Reached skill level 5 in Stealth
  4643 | D:5      | Reached skill level 3 in Fighting
  4823 | D:5      | Noticed a moth of wrath
  5001 | D:5      | Noticed Edmund
  5011 | D:5      | Reached XP level 8. HP: 58/60 MP: 8/13
  5013 | D:5      | Killed Edmund
  5468 | D:6      | Reached skill level 5 in Short Blades
  5468 | D:6      | Reached skill level 6 in Stealth
  5468 | D:6      | Reached skill level 4 in Spellcasting
  5650 | D:6      | Reached skill level 4 in Fighting
  5650 | D:6      | Reached skill level 5 in Hexes
  5679 | D:6      | Found a staircase to the Ecumenical Temple.
  6021 | D:6      | Reached XP level 9. HP: 45/69 MP: 11/15
  6050 | Temple   | Entered the Ecumenical Temple
  6078 | Temple   | Became a worshipper of Dithmenos the Shadowed
  6254 | D:6      | Found a burning altar of Makhleb.
  6255 | D:6      | Found an ancient bone altar of Kikubaaqudgha.
  6408 | D:7      | Identified the +0 helmet "Eklieh" {+Inv}
  6596 | D:7      | You pick up a book of Alchemy and begin reading...
  6596 | D:7      | You add the spells Sublimation of Blood, Petrify and
                  | Irradiate to your library.
  6898 | D:7      | Reached skill level 7 in Stealth
  6903 | D:7      | Reached skill level 6 in Short Blades
  7500 | D:8      | Reached skill level 5 in Spellcasting
  7612 | D:8      | Reached skill level 5 in Fighting
  7627 | D:8      | Reached skill level 8 in Stealth
  7627 | D:8      | Reached skill level 6 in Hexes
  7627 | D:8      | Found a staircase to the Lair.
  7716 | D:8      | Reached * piety under Dithmenos
  8057 | D:8      | Reached skill level 7 in Short Blades
  8092 | D:8      | Gained mutation: Spells you cast may paralyse nearby
                  | enemies. [demonic ancestry]
  8092 | D:8      | Reached XP level 10. HP: 65/77 MP: 10/18
  8592 | D:9      | Noticed a two-headed ogre
  8760 | D:9      | Killed a two-headed ogre
  8873 | D:9      | Learned a level 3 spell: Dazzling Flash
  8875 | D:9      | Noticed a two-headed ogre
  8879 | D:9      | Killed a two-headed ogre
  8880 | D:9      | Reached skill level 6 in Fighting
  8880 | D:9      | Reached skill level 9 in Stealth
  8880 | D:9      | Reached skill level 6 in Spellcasting
  9406 | D:9      | Noticed Erolcha
  9409 | D:9      | Killed Erolcha
  9410 | D:9      | Reached skill level 8 in Short Blades
  9410 | D:9      | Reached skill level 1 in Armour
  9410 | D:9      | Reached skill level 2 in Dodging
  9761 | D:10     | Entered Level 10 of the Dungeon
  9795 | D:10     | HP: 17/79 [troll (4)]
  9796 | D:10     | HP: 4/79 [troll (9)]
 10029 | D:10     | Reached skill level 7 in Hexes
 10032 | D:10     | Identified the +7 rapier of the Insatiable Knaves {flame,
                  | rPois Int+7 Stlth-}
 10139 | D:10     | Reached ** piety under Dithmenos
 10263 | D:10     | Noticed a spectral centaur warrior
 10266 | D:10     | Killed a spectral centaur warrior
 10267 | D:10     | Gained mutation: You have a small tail. [demonic ancestry]
 10267 | D:10     | Reached XP level 11. HP: 85/85 MP: 20/20
 10301 | D:10     | Reached skill level 2 in Armour
 10492 | D:10     | You pick up a book of Air and begin reading...
 10492 | D:10     | You add the spells Shock and Swiftness to your library.
 10531 | D:10     | Reached skill level 3 in Dodging
 10922 | D:10     | Identified the +7 falchion "Vaidum" {flame, Str+2 Int+3
                  | Dex-4 Stlth+}
 10925 | D:10     | Found a staircase to the Orcish Mines.
 11086 | D:10     | Noticed a lindwurm
 11113 | D:10     | Noticed a lindwurm
 11114 | D:10     | Noticed a lindwurm
 11122 | D:10     | Noticed a lindwurm
 11238 | D:11     | Reached skill level 10 in Stealth
 11400 | D:11     | Reached skill level 9 in Short Blades
 11555 | D:11     | Reached skill level 3 in Armour
 12074 | D:12     | Noticed a two-headed ogre
 12076 | D:12     | Noticed a two-headed ogre
 12081 | D:12     | Killed a two-headed ogre
 12082 | D:12     | Reached skill level 4 in Dodging
 12085 | D:12     | Killed a two-headed ogre
 12201 | D:12     | Reached skill level 11 in Stealth
 12262 | D:12     | Noticed a two-headed ogre
 12269 | D:12     | Killed a two-headed ogre
 12274 | D:12     | Noticed Nessos
 12324 | D:12     | Reached skill level 10 in Short Blades
 12327 | D:12     | Killed Nessos
 12328 | D:12     | Reached skill level 4 in Armour
 12328 | D:12     | Gained mutation: You punish those that try to bend your
                  | will. (Will+) [demonic ancestry]
 12328 | D:12     | Reached XP level 12. HP: 92/92 MP: 14/21
 12386 | D:12     | Noticed Josephine
 12400 | D:12     | Killed Josephine
 12400 | D:12     | Reached *** piety under Dithmenos
 12409 | D:12     | HP: 22/92 [wraith[Josephine] (8)]
 12416 | D:12     | HP: 17/92 [wraith[Josephine] (10)]
 12619 | D:12     | Found Hueska's Antique Weapon Shop.
 12763 | D:12     | Found Visas's Magic Scroll Shoppe.
 12767 | D:12     | Bought a scroll of identify for 24 gold pieces
 13012 | D:13     | Noticed a two-headed ogre
 13014 | D:13     | Noticed a two-headed ogre
 13014 | D:13     | Noticed an ogre mage
 13014 | D:13     | Noticed a two-headed ogre
 13025 | D:13     | Killed a two-headed ogre
 13030 | D:13     | Noticed a two-headed ogre
 13042 | D:13     | Killed a two-headed ogre
 13042 | D:13     | Noticed a two-headed ogre
 13043 | D:13     | Reached skill level 5 in Dodging
 13043 | D:13     | Killed an ogre mage
 13044 | D:13     | Noticed a two-headed ogre
 13063 | D:13     | Killed a two-headed ogre
 13212 | D:13     | Killed a two-headed ogre
 13213 | D:13     | Reached skill level 12 in Stealth
 13229 | D:13     | Killed a two-headed ogre
 13230 | D:13     | Reached skill level 5 in Armour
 13232 | D:13     | Killed a two-headed ogre
 13233 | D:13     | Reached skill level 11 in Short Blades
 13523 | D:13     | Noticed a boulder beetle
 13529 | D:13     | Noticed Snorg
 13548 | D:13     | Killed a boulder beetle
 13581 | D:13     | Noticed a five-headed hydra
 13587 | D:13     | Killed a five-headed hydra
 13594 | D:13     | HP: 23/92 [meliai/+0 hand axe (3)]
 13594 | D:13     | HP: 8/92 [meliai/+0 war axe (15)]
 13596 | D:13     | Killed from afar by a meliai

Vanquished Creatures
  Nessos (D:12)
  Josephine (D:12)
  A hydra (D:13)
  Erolcha (D:9)
  An ogre mage (D:13)
  A boulder beetle (D:13)
  11 two-headed ogres
  2 ugly things
  A manticore (D:11)
  A cyclops (D:13)
  A spectral centaur (D:10)
  2 centaur zombies (D:10)
  A gargoyle (D:12)
  A kobold demonologist (D:13)
  An unseen horror (D:10)
  A komodo dragon (D:11)
  6 trolls
  3 shadows
  Sigmund (D:5)
  21 yaks
  5 wraiths (D:12)
  4 vampire mosquitoes
  3 steam dragons (D:8)
  Edmund (D:5)
  2 acid dragons (D:10)
  A water moccasin (D:8)
  An orc warrior (D:9)
  A black bear (D:5)
  2 sky beasts
  3 ice beasts
  2 ogres
  5 centaurs
  A phantom (D:4)
  6 bullfrogs
  3 scorpions
  10 wights
  7 killer bees
  2 howler monkeys
  5 orc priests
  2 hounds (D:6)
  2 jellies
  2 centaur skeletons (D:10)
  3 iguanas
  Jessica (D:2)
  Terence (D:3)
  3 sleepcaps
  6 orc wizards
  Robin (D:4)
  8 adders
  2 shadow imps
  4 ufetubi
  4 worms
  2 dart slugs
  22 orcs
  8 ball pythons
  5 endoplasms
  9 giant cockroaches
  9 goblins
  7 hobgoblins
  4 jackals (D:3)
  6 quokkas
  9 bats
  15 frilled lizards
  5 kobolds
  6 rats
269 creatures vanquished.

Table legend:
 A = Non-vault XP
 B = Vault XP
 C = Vault XP percentage of total XP
 D = Non-vault monster count
 E = Vault monster count
 F = Vault count percentage of total count
                 A         B        C        D         E       F
            +---------+---------+-------+---------+---------+-------
      Total |   28840 |    6253 |  17.8 |     207 |      62 |  23.0
            +---------+---------+-------+---------+---------+-------
        D:1 |      36 |       0 |   0.0 |      22 |       0 |   0.0
        D:2 |      34 |      37 |  52.1 |      16 |       1 |   5.9
        D:3 |      20 |      44 |  68.8 |      10 |       5 |  33.3
        D:4 |     348 |      26 |   7.0 |      10 |       7 |  41.2
        D:5 |     456 |     385 |  45.8 |       9 |       2 |  18.2
        D:6 |    1205 |       0 |   0.0 |      20 |       0 |   0.0
        D:7 |     462 |       0 |   0.0 |      10 |       0 |   0.0
        D:8 |    3546 |       0 |   0.0 |      33 |       0 |   0.0
        D:9 |    2114 |     867 |  29.1 |      11 |       1 |   8.3
       D:10 |    1418 |    1826 |  56.3 |      14 |       5 |  26.3
       D:11 |    4255 |       0 |   0.0 |      24 |       0 |   0.0
       D:12 |    4884 |    2772 |  36.2 |      11 |       6 |  35.3
       D:13 |   10062 |       0 |   0.0 |      17 |       0 |   0.0
      Sewer |       0 |     296 | 100.0 |       0 |      35 | 100.0
            +---------+---------+-------+---------+---------+-------

Skill      XL: |  1  2  3  4  5  6  7  8  9 10 11 12 |
---------------+-------------------------------------+-----
Short Blades   | 1 2 3 4 5 7 8 10 11 | 11.2
Stealth        | 3 4 5 6 8 9 11 12 | 12.4
Fighting       | 1 2 3 4 5 6 |  6.1
Spellcasting   | 3 4 5 6 |  6.0
Hexes          | 4 5 6 7 |  7.0
Armour         | 1 4 5 |  5.4
Dodging        | 2 4 5 |  5.7

Action                     |  1- 3 |  4- 6 |  7- 9 | 10-12 || total
---------------------------+-------+-------+-------+-------++-------
  Melee: Dagger            |   133 |   225 |   222 |    90 ||   670
         Punch             |     1 |     2 |     4 |     7 ||    14
         Rapier            |       |       |       |   203 ||   203
         Tailslap          |       |       |       |    34 ||    34
   Cast: Jinxbite          |     3 |       |     1 |     1 ||     5
         Ensorcelled Hiber |     4 |     6 |    35 |    58 ||   103
         Confusing Touch   |       |       |     7 |    15 ||    22
         Dazzling Flash    |       |       |       |     1 ||     1
    Use: Scroll            |     4 |     7 |     5 |    13 ||    29
         Potion            |       |       |     1 |     3 ||     4
   Stab: Sleeping          |    10 |    13 |    29 |    40 ||    92
         Paralysed         |       |     2 |    13 |    37 ||    52
         Invisible         |       |       |     4 |       ||     4
         Confused          |       |       |     5 |     4 ||     9
         Distracted        |       |       |       |     1 ||     1
 Armour: Robe              |    65 |   116 |   146 |    39 ||   366
         Acid dragon scale |       |       |       |   261 ||   261
  Dodge: Dodged            |    79 |   150 |   117 |   210 ||   556
  Block: Other             |       |       |       |    24 ||    24

Illustrated notes

Table legend:
 A = Kills in this place as a percentage of kills in the entire game.
 B = Kills by you in this place as a percentage of kills by you in the entire game.
 C = Kills by friends in this place as a percentage of kills by friends in the entire game.
 D = Other kills in this place as a percentage of other kills in the entire game.
 E = Experience gained in this place as a percentage of experience gained in the entire game.
 F = Experience gained in this place divided by the number of levels of this place that you have seen.
                   A       B       C       D       E      F
               +-------+-------+-------+-------+-------+----------------------
         Total | 100.0 | 100.0 |   N/A |   N/A | 100.0 | 2339.5
       Dungeon |  87.0 |  87.0 |   N/A |   N/A |  99.2 | 2676.7
         Sewer |  13.0 |  13.0 |   N/A |   N/A |   0.8 | 296.0
               +-------+-------+-------+-------+-------+----------------------

Table legend: (Time is in decaauts)
 A = Elapsed time spent in this place.
 B = Non-inter-level travel time spent in this place.
 C = Inter-level travel time spent in this place.
 D = Time resting spent in this place.
 E = Time spent auto-exploring this place.
 F = Levels seen in this place.
 G = Mean time per level.
                   A        B        C        D        E       F      G
               +--------+--------+--------+--------+--------+-----+--------+
         Total |  13508 |  13058 |    450 |   1135 |   9443 |  15 |  900.5 |
       Dungeon |  12685 |  12261 |    424 |   1123 |   8905 |  13 |  975.8 |
        Temple |     41 |     16 |     25 |      0 |     11 |   1 |   41.0 |
         Sewer |    781 |    781 |      0 |     12 |    526 |   1 |  781.0 |
               +--------+--------+--------+--------+--------+-----+--------+

Top non-repeatable levels by time:
     D:8: 1442 daAuts
    D:10: 1321 daAuts
     D:4: 1301 daAuts
     D:1: 1084 daAuts
     D:9: 1069 daAuts
    D:11: 969 daAuts
     D:6: 934 daAuts
     D:7: 868 daAuts
    D:12: 802 daAuts
     D:2: 786 daAuts
   Sewer: 781 daAuts
     D:5: 742 daAuts
     D:3: 687 daAuts
    D:13: 674 daAuts
  Temple: 41 daAuts
